 Dungeon Sprint DCSS version 0.25.1-2-g60ff931df9 (webtiles) character file.

Game seed: 5599706565529732149

413174 Groucho the Minotaur Barricade (level 22, -4/233 HPs)
             Began as a Minotaur Fighter on June 6, 2020.
             Was the Champion of Cheibriados.
             Killed from afar by Xtahua (22 damage)
             ... with a searing blast
             ... in the Dungeon (Sprint VII: "The Pits") on Aug 3, 2020.
             The game lasted 01:05:26 (17490 turns).

Groucho the Minotaur Barricade (Minotaur Fighter)  Turns: 17490, Time: 01:05:26

Health: -4/233     AC: 51    Str: 40      XL:     22   Next: 19%
Magic:  34/49      EV: 36    Int: 14 (16) God:    Cheibriados [******]
Gold:   159        SH: 47    Dex: 36      Spells: 70/70 levels left

rFire    + + .     SeeInvis +   l - +9 broad axe of Awoapil {freeze, rC+ Str+3 SInv}
rCold    + + +     Gourm    .   W - +10 tower shield of Ignorance {rN+ Int-4}
rNeg     + + +     Faith    .   O - +10 gold dragon scales
rPois    +         Spirit   .   (helmet restricted)
rElec    .         Reflect  +   x - +4 cloak
rCorr    .         Harm     .   t - +4 pair of gloves
MR       +....     Rnd*Rage +   w - +0 pair of boots Stlth ..........NoTele +
                                y - amulet "Xocsen" {Reflect rPois rN+ Dex+5 SH+5 Stlth-}
HPRegen  0.00/turn              Y - ring "Zuofaniyb" {rF+ rC+ Dex-3 Slay+5 Stlth+}
MPRegen  0.31/turn              I - ring of Neurosis {rPois rN+ Slay+5}

@: very slow
A: retaliatory headbutt, horns 2, berserk 1, deterioration 1, inhibited
regeneration
}: 3/3 runes: silver, golden, iron
a: Bend Time, Temporal Distortion, Slouch, Step From Time, Renounce Religion


You were in the Dungeon.
You worshipped Cheibriados.
Cheibriados was exalted by your worship.
You were completely stuffed.

You visited 1 branch You collected 159 gold pieces.

Inventory:

Hand Weapons
 a - the +6 shillelagh "Devastator" {shatter}
   (You found it in the Dungeon)
 j - the +9 broad axe "Kabat" {freeze, rElec Int+3}
   (You found it in the Dungeon)

   It has been specially enchanted to freeze those struck by it, causing extra
   injury to most foes and up to half again as much damage against particularly
   susceptible opponents.
   It can also slow down cold-blooded creatures.
   It affects your intelligence (+3).
   It insulates you from electricity.
 l - the +9 broad axe of Awoapil (weapon) {freeze, rC+ Str+3 SInv}
   (You found it in the Dungeon)

   It has been specially enchanted to freeze those struck by it, causing extra
   injury to most foes and up to half again as much damage against particularly
   susceptible opponents.
   It can also slow down cold-blooded creatures.
   It affects your strength (+3).
   It protects you from cold.
   It lets you see invisible.
 u - the +10 morningstar "Eos" {elec, Halo rElec}
   (You found it in the Dungeon)

   Occasionally, upon striking a foe, it will discharge some electrical energy
   and cause terrible harm.
   It insulates you from electricity.
Missiles
 F - 25 javelins (quivered)
Armour
 h - a +0 cloak of preservation
 q - a +2 hat of see invisible
 t - a +4 pair of gloves (worn)
 w - a +0 pair of boots (worn)
 x - a +4 cloak (worn)
 J - a +5 tower shield
 O - +10 gold dragon scales (worn)
 W - the +10 tower shield of Ignorance (worn) {rN+ Int-4}
   (You found it in the Dungeon)

   It affects your intelligence (-4).
   It protects you from negative energy.
Jewellery
 r - the ring "Zuove" {rF+ rN++ rCorr Dex-3}
   (You found it in the Dungeon)

   [ring of resist corrosion]

   It affects your dexterity (-3).
   It protects you from fire.
   It greatly protects you from negative energy.
   It provides partial protection from all sources of acid and corrosion.
 s - the ring of Jaorch {+Blink rN+ Int+6 Dex-4}
   (You found it in the Dungeon)

   [ring of intelligence]

   It affects your intelligence (+6).
   It affects your dexterity (-4).
   It protects you from negative energy.
   It lets you blink.
 v - the ring of Conformity {rPois MR+ Str-3 Int+9 SInv}
   (You found it in the Dungeon)

   [ring of protection from magic]

   It affects your strength (-3).
   It affects your intelligence (+9).
   It protects you from poison.
   It affects your resistance to hostile enchantments.
   It lets you see invisible.
 y - the amulet "Xocsen" (around neck) {Reflect rPois rN+ Dex+5 SH+5 Stlth-}
   (You found it in the Dungeon)

   [amulet of reflection]

   It shields you and reflects attacks.
   It affects your dexterity (+5).
   It protects you from poison.
   It protects you from negative energy.
   It affects your SH (+5).
   It makes you less stealthy.
 A - the ring "Riotwud" {rF+ rC+ Str+2 Int+3 Slay-2}
   (You found it in the Dungeon)

   [ring of protection from cold]

   It affects your strength (+2).
   It affects your intelligence (+3).
   It affects your accuracy and damage with ranged weapons and melee attacks
   (-2).
   It protects you from fire.
   It protects you from cold.
 B - the ring "Qoadibic" {+Inv rElec rPois rCorr Dex+2}
   (You found it in the Dungeon)

   [ring of resist corrosion]

   It affects your dexterity (+2).
   It insulates you from electricity.
   It protects you from poison.
   It lets you turn invisible.
   It provides partial protection from all sources of acid and corrosion.
 G - the ring of Jeillit {rPois MR+ Str+5}
   (You found it in the Dungeon)

   [ring of poison resistance]

   It affects your strength (+5).
   It protects you from poison.
   It affects your resistance to hostile enchantments.
 H - the amulet of the Crushed Ships {rPois Regen+}
   (You found it in the Dungeon)

   [amulet of regeneration]

   It protects you from poison.
   It increases your rate of regeneration.
 I - the ring of Neurosis (right hand) {rPois rN+ Slay+5}
   (You found it in the Dungeon)

   [ring of positive energy]

   It affects your accuracy and damage with ranged weapons and melee attacks
   (+5).
   It protects you from poison.
   It protects you from negative energy.
 K - the ring of Lesmah {rElec rPois rC+}
   (You found it in the Dungeon)

   [ring of protection from cold]

   It protects you from cold.
   It insulates you from electricity.
   It protects you from poison.
 M - the ring of Kuleot {+Fly Int+2 Dex+6}
   (You found it in the Dungeon)

   [ring of dexterity]

   It affects your intelligence (+2).
   It affects your dexterity (+6).
   It lets you fly.
 N - the amulet of the Seven Jumping Orbs {Faith rF++ Slay-6}
   (You found it in the Dungeon)

   [amulet of faith]

   It allows you to gain divine favour quickly.
   It affects your accuracy and damage with ranged weapons and melee attacks
   (-6).
   It greatly protects you from fire.
 P - the ring "Teten" {rElec rPois rC+ Slay+3}
   (You found it in the Dungeon)

   [ring of protection from cold]

   It affects your accuracy and damage with ranged weapons and melee attacks
   (+3).
   It protects you from cold.
   It insulates you from electricity.
   It protects you from poison.
 S - the amulet of Wolushoss {Reflect rElec rC+ Str+4 Int+3 SH+5}
   (You found it in the Dungeon)

   [amulet of reflection]

   It shields you and reflects attacks.
   It affects your strength (+4).
   It affects your intelligence (+3).
   It protects you from cold.
   It insulates you from electricity.
   It affects your SH (+5).
 T - the ring "Usual" {rF++ Slay+5 Stlth+}
   (You found it in the Dungeon)

   [ring of slaying]

   It affects your accuracy and damage with ranged weapons and melee attacks
   (+5).
   It greatly protects you from fire.
   It makes you more stealthy.
 U - the amulet of Ziedwam {rF- Regen+ Dex+5}
   (You found it in the Dungeon)

   [amulet of regeneration]

   It affects your dexterity (+5).
   It makes you vulnerable to fire.
   It increases your rate of regeneration.
 Y - the ring "Zuofaniyb" (left hand) {rF+ rC+ Dex-3 Slay+5 Stlth+}
   (You found it in the Dungeon)

   [ring of protection from fire]

   It affects your dexterity (-3).
   It affects your accuracy and damage with ranged weapons and melee attacks
   (+5).
   It protects you from fire.
   It protects you from cold.
   It makes you more stealthy.
 Z - the ring "Hissung" {+Inv rC+++ MR+}
   (You found it in the Dungeon)

   [ring of protection from magic]

   It renders you almost immune to cold.
   It affects your resistance to hostile enchantments.
   It lets you turn invisible.
Wands
 V - a wand of polymorph (12)
Scrolls
 g - 4 scrolls of enchant armour
 k - 3 scrolls of blinking
 n - 7 scrolls of remove curse
 o - 6 scrolls of amnesia
 p - a scroll of summoning
 z - 3 scrolls of fear
 C - 11 scrolls of enchant weapon
 E - 3 scrolls of fog
 Q - a scroll of holy word
 R - 3 scrolls of identify
Potions
 b - 19 potions of heal wounds
 c - 2 potions of ambrosia
 d - 2 potions of might
 e - 14 potions of curing
 i - 7 potions of magic
 m - a potion of invisibility
 D - 3 potions of brilliance
 L - 4 potions of resistance
Comestibles
 f - 9 rations


   Skills:
 O Level 27 Fighting
 O Level 27 Axes
 O Level 27 Throwing
 O Level 27 Armour
 O Level 27 Dodging
 O Level 27 Shields
 O Level 27 Unarmed Combat
 + Level 24.9 Spellcasting
 O Level 27 Invocations
 O Level 27 Evocations


You had 70 spell levels left.
You didn't know any spells.
Your spell library contained the following spells:

 Spells                   Type           Power        Failure   Level  Hunger
 Freeze                   Ice            ###.         9%          1    None
 Magic Dart               Conj           ###.         9%          1    None
 Sandblast                Erth           ###...       9%          1    None
 Sting                    Tmut/Pois      ###.         9%          1    None
 Summon Butterflies       Summ           ###.....     9%          1    None
 Summon Small Mammal      Summ           ###.         9%          1    None
 Call Imp                 Summ           ###.....     12%         2    None
 Corpse Rot               Necr/Air       N/A          12%         2    None
 Ensorcelled Hibernation  Hex/Ice        ###...       12%         2    None
 Poisonous Vapours        Pois/Air       ###...       12%         2    None
 Searing Ray              Conj           ###...       12%         2    None
 Shroud of Golubria       Chrm/Tloc      ###...       12%         2    None
 Swiftness                Chrm/Air       ###.....     12%         2    None
 Conjure Flame            Conj/Fire      ###.....     24%         3    None
 Dazzling Flash           Conj/Hex       ###...       24%         3    None
 Frozen Ramparts          Ice            ###...       24%         3    None
 Ignite Poison            Fire/Tmut/Pois ###.....     24%         3    None
 Mephitic Cloud           Conj/Pois/Air  ###.....     24%         3    None
 Ozocubu's Armour         Chrm/Ice       ###.....     24%         3    None
 Portal Projectile        Hex/Tloc       ###...       24%         3    None
 Recall                   Summ/Tloc      N/A          24%         3    None
 Spectral Weapon          Hex/Chrm       ###.....     24%         3    None
 Animate Dead             Necr           N/A          63%         4    None
 Cause Fear               Hex            ###.......   63%         4    None
 Fulminant Prism          Conj/Hex       ###.......   63%         4    None
 Hailstorm                Conj/Ice       ###.....     63%         4    None
 Ice Form                 Ice/Tmut       ###.....     63%         4    None
 Iskenderun's Mystic Bla  Conj/Tloc      ###.....     63%         4    None
 Olgreb's Toxic Radiance  Pois           ###.....     63%         4    None
 Summon Ice Beast         Ice/Summ       ###.....     63%         4    None
 Summon Lightning Spire   Summ/Air       ###.....     63%         4    None
 Aura of Abjuration       Summ           ###.......   92%         5    ##.....
 Borgnjor's Vile Clutch   Necr/Erth      ###.......   92%         5    ##.....
 Irradiate                Conj/Tmut      ###.......   92%         5    ##.....
 Metabolic Englaciation   Hex/Ice        ###.......   92%         5    ##.....
 Silence                  Hex/Air        ###.......   92%         5    ##.....
 Summon Demon             Summ           ###.......   92%         5    ##.....
 Summon Forest            Summ/Tloc      ###.......   92%         5    ##.....
 Summon Mana Viper        Hex/Summ       ###.....     92%         5    ##.....
 Yara's Violent Unravell  Hex/Tmut       ###.......   92%         5    ##.....
 Darkness                 Hex            ###.......   100%        6    #####..
 Death Channel            Necr           ###.......   100%        6    #####..
 Freezing Cloud           Conj/Ice/Air   ###.......   100%        6    #####..
 Hydra Form               Tmut           ###.......   100%        6    #####..
 Iron Shot                Conj/Erth      ###.......   100%        6    #####..
 Ozocubu's Refrigeration  Ice            ###.......   100%        6    #####..
 Shadow Creatures         Summ           N/A          100%        6    #####..
 Simulacrum               Ice/Necr       ###.......   100%        6    #####..
 Statue Form              Tmut/Erth      ###......    100%        6    #####..
 Dragon Form              Tmut           ###.......   100%        7    ######.
 Ring of Flames           Chrm/Fire      ###.......   100%        7    ######.
 Chain Lightning          Conj/Air       ###.......   100%        8    #######
 Discord                  Hex            ###.......   100%        8    #######
 Lehudib's Crystal Spear  Conj/Erth      ###.......   100%        8    #######
 Absolute Zero            Ice            ###.......   100%        9    #######
 Fire Storm               Conj/Fire      ###.......   100%        9    #######


Dungeon Overview and Level Annotations

Branches:
Dungeon (1/1)

Altars:
Ashenzari
Cheibriados
Dithmenos
Elyvilon
Fedhas
Gozag
Hepliaklqana
Kikubaaqudgha
Makhleb
Nemelex Xobeh
Okawaru
Qazlal
Ru
Sif Muna
Trog
Uskayaw
Vehumet
Wu Jian
Xom
Yredelemnul
Zin
The Shining One
Beogh
Jiyva
Lugonu

Annotations:
D Mnoleg, Xtahua


Innate Abilities, Weirdness & Mutations

You reflexively headbutt those who attack you in melee.
You have a pair of horns on your head.
You tend to lose your temper in combat.
Your body sometimes deteriorates upon taking damage.
You do not regenerate when monsters are visible.


Message History

You resist with almost no effort. Mnoleg claws you but does no damage.
Mnoleg tentacle-slaps you but does no damage.
Mnoleg gores you but does no damage. Mnoleg kicks you but does no damage.
You can move again.
Unknown command.
You feel better.
You are engulfed in blazing flames.
You resist.
* * * LOW HITPOINT WARNING * * *
The greater mummy calls on the powers of darkness!
The eye of draining convulses!
The quicksilver dragon convulses!
Your body is wracked with pain!
* * * LOW HITPOINT WARNING * * *
The golden eye convulses!
The eye of draining convulses!
Xtahua convulses!
The golden eye blinks at you. You resist with almost no effort.
You block the large abomination's attack.
You block Mnoleg's attack. x2; Mnoleg misses you.
Mnoleg kicks you but does no damage. Xtahua breathes flames at you.
The searing blast hits you!! You resist.
You die...

############# ######
....GXXDX...## ##.....
(..sED&@G....## ##......
###sM.###.....###.......
#...G ###....#........
.... ##...#........ ..(
##..#......). .*
#........... .
#...........
#...........
#..#........


You could see Mnoleg, a greater mummy (fast), Xtahua (catching breath), an iron
elemental, a quicksilver dragon (vulnerable), 3 large abominations, 2 eyes of
draining, 2 death scarabs and a golden eye (summoned).

Vanquished Creatures
  5 pandemonium lords (D)
  4 orbs of fire (D)
  Mara (D)
  3 ancient liches (D)
  Mennas (D)
  4 greater mummies (D)
  3 Killer Klowns (D)
  the Lernaean hydra (D)
  Frederick (D)
  Margery (D)
  A curse toe (D)
  2 golden dragons (D)
  Jory (D)
  4 pearl dragons (D)
  3 bone dragons (D)
  4 electric golems (D)
  A Brimstone Fiend (D)
  A Tzitzimitl (D)
  2 tentacled monstrosities (D)
  7 liches (D)
  A hellephant (D)
  2 Hell Sentinels (D)
  2 Ice Fiends (D)
  2 quicksilver dragons (D)
  10 Orb Guardians (D)
  3 deep elf master archers (D)
  4 deep elf blademasters (D)
  14 titans (D)
  An acid blob (D)
  A sphinx (D)
  Polyphemus (D)
  Agnes (D)
  Murray (D)
  A draconian monk (D)
  2 shadow dragons (D)
  4 storm dragons (D)
  7 nagarajas (D)
  An azure jelly (D)
  3 deep elf sorcerers (D)
  13 frost giants (D)
  18 fire giants (D)
  4 balrugs (D)
  2 iron dragons (D)
  4 orc warlords (D)
  3 draconian knights (D)
  4 ghost moths (D)
  2 draconian scorchers (D)
  A cacodemon (D)
  7 ghouls (D)
  A draconian shifter (D)
  2 angels (D)
  A draconian annihilator (D)
  A spriggan defender (D)
  2 black draconians (D)
  An apis (D)
  3 war gargoyles (D)
  18 stone giants (D)
  A reaper (D)
  2 ophanim (D)
  4 deep elf demonologists (D)
  A dire elephant (shapeshifter) (D)
  A deep elf annihilator (D)
  5 vampire knights (D)
  3 red draconians (D)
  A spark wasp (shapeshifter) (D)
  3 purple draconians (D)
  2 dire elephants (D)
  A white draconian (D)
  A yellow draconian (D)
  2 minotaurs (D)
  2 merfolk impalers (D)
  A death ooze (D)
  17 ettins (D)
  3 mummy priests (D)
  3 fire dragons (D)
  2 blizzard demons (D)
  A green death (D)
  2 deep elf death magi (D)
  2 yaktaur captains (D)
  An ice dragon (D)
  4 deep elf high priests (D)
  2 hydras (D)
  2 spriggan air magi (D)
  3 vault guards (D)
  3 naga warriors (D)
  An alligator (D)
  A two-headed ogre (D)
  An iron elemental (D)
  2 death knights (D)
  A dancing weapon (D)
  8 vampire magi (D)
  3 death yaks (D)
  An orc high priest (D)
  A naga sharpshooter (D)
  A spriggan berserker (D)
  2 hell knights (D)
  13 skeletal warriors (D)
  2 sun demons (D)
  2 fire crabs (D)
  3 deep elf knights (D)
  A sixfirhy (D)
  2 iron trolls (D)
  A cherub (D)
  2 deep trolls (D)
  9 flayed ghosts (D)
  A deep elf archer (D)
  A wizard (D)
  A necromancer (D)
  11 orc knights (D)
  An orc sorcerer (D)
  4 deep elf magi (D)
  An ugly thing (D)
  A moth of wrath (D)
  14 cyclopes (D)
  An elephant (D)
  4 naga magi (D)
  An eye of devastation (D)
  3 molten gargoyles (D)
  A smoke demon (D)
  An orange demon (D)
  Psyche (D)
  2 gargoyles (D)
  3 efreet (D)
  A freezing wraith (D)
  A komodo dragon (D)
  A spiny frog (D)
  A yaktaur (D)
  A rime drake (D)
  3 ice devils (D)
  A tormentor (D)
  2 red devils (D)
  A guardian mummy (D)
  A hornet (D)
  8 merfolk (D)
  3 dream sheep (D)
  A snapping turtle (D)
  2 bog bodies (D)
  11 blink frogs (D)
  A hippogriff (D)
  An air elemental (D)
  2 redbacks (D)
  A water elemental (D)
  6 vampires (D)
  A spriggan (D)
  A wraith (D)
  2 basilisks (D)
  A golden eye (D)
  2 chaos spawn (D)
  A neqoxec (D)
  3 vampire mosquitoes (D)
  A steam dragon (D)
  A soldier ant (D)
  2 wargs (D)
  A naga (D)
  2 floating eyes (D)
  A porcupine (D)
  7 orc warriors (D)
  2 eyes of draining (D)
  2 necrophages (D)
  A sky beast (D)
  3 wolves (D)
  3 centaurs (D)
  A big kobold (D)
  A small abomination (D)
  An earth elemental (D)
  6 killer bees (D)
  2 orc priests (D)
  2 iron imps (D)
  Terence (D)
  An orc wizard (D)
  A mummy (D)
  2 gnolls (D)
  A white imp (D)
  2 oozes (D)
  4 adder skeletons (D)
  3 adder zombies (D)
  2 worms (D)
  2 adder simulacra (D)
  A leopard gecko (D)
  8 orcs (D)
  2 bat skeletons (D)
  3 bat zombies (D)
  A goblin (D)
  2 kobolds (D)
  A quokka (D)
  A ball python (D)
  A ball python skeleton (D)
  2 bat simulacra (D)
  A frilled lizard (D)
  A jackal skeleton (D)
  A leopard gecko simulacrum (D)
  A leopard gecko skeleton (D)
  2 leopard gecko zombies (D)
  A quokka skeleton (D)
  A quokka zombie (D)
  2 rats (D)
532 creatures vanquished.

Notes
Turn   | Place    | Note
-------+----------+-------------------------------------------
     0 | D        | Groucho the Minotaur Fighter began the quest for the Orb.
     0 | D        | Reached XP level 1. HP: 19/19 MP: 0/0
    19 | D        | Found a bloodstained altar of Trog.
    19 | D        | Found a shimmering blue altar of Sif Muna.
    19 | D        | Found a viscous altar of Jiyva.
    19 | D        | Found a hazy altar of Hepliaklqana.
    19 | D        | Found an opulent altar of Gozag.
    20 | D        | Found a glowing golden altar of the Shining One.
    20 | D        | Found a glowing silver altar of Zin.
    20 | D        | Found a basalt altar of Yredelemnul.
    20 | D        | Found a shimmering altar of Xom.
    20 | D        | Found an ornate altar of the Wu Jian Council.
    20 | D        | Found a sacrificial altar of Ru.
    20 | D        | Found a stormy altar of Qazlal.
    20 | D        | Found an iron altar of Okawaru.
    20 | D        | Found a sparkling altar of Nemelex Xobeh.
    20 | D        | Found a burning altar of Makhleb.
    20 | D        | Found a blossoming altar of Fedhas.
    20 | D        | Found a white marble altar of Elyvilon.
    20 | D        | Found a shadowy altar of Dithmenos.
    20 | D        | Found a snail-covered altar of Cheibriados.
    21 | D        | Found a radiant altar of Vehumet.
    21 | D        | Found a corrupted altar of Lugonu.
    21 | D        | Found a roughly hewn altar of Beogh.
    22 | D        | Found an ancient bone altar of Kikubaaqudgha.
    22 | D        | Found a hide-covered altar of Uskayaw.
    22 | D        | Found a shattered altar of Ashenzari.
    30 | D        | Became a worshipper of Cheibriados the Contemplative
    78 | D        | Reached skill level 1 in Invocations
    78 | D        | Reached XP level 2. HP: 28/28 MP: 0/2
    79 | D        | Reached * piety under Cheibriados
    90 | D        | Reached ** piety under Cheibriados
   291 | D        | Reached *** piety under Cheibriados
   362 | D        | Noticed a big kobold
   364 | D        | Reached **** piety under Cheibriados
   369 | D        | Reached XP level 3. HP: 35/35 MP: 3/3
   371 | D        | Reached skill level 5 in Fighting
   371 | D        | Reached skill level 5 in Armour
   371 | D        | Reached skill level 5 in Shields
   375 | D        | Killed a big kobold
   375 | D        | Reached skill level 5 in Axes
   375 | D        | Reached XP level 4. HP: 35/44 MP: 3/5
   376 | D        | Reached ***** piety under Cheibriados
   393 | D        | Reached XP level 5. HP: 35/51 MP: 7/7
   697 | D        | Noticed Terence
   698 | D        | Reached skill level 5 in Invocations
   702 | D        | Killed Terence
   703 | D        | Reached ****** piety under Cheibriados
   718 | D        | Noticed a necrophage
   718 | D        | Noticed an orange demon
   719 | D        | Noticed an orc sorcerer
   722 | D        | Killed a necrophage
   722 | D        | Reached XP level 6. HP: 52/61 MP: 2/9
   723 | D        | Noticed a sun demon
   723 | D        | Killed an orc sorcerer
   723 | D        | Reached XP level 7. HP: 61/71 MP: 2/11
   727 | D        | Killed an orange demon
   727 | D        | Reached skill level 10 in Fighting
   727 | D        | Reached skill level 10 in Armour
   727 | D        | Reached skill level 10 in Shields
   727 | D        | Reached XP level 8. HP: 68/79 MP: 3/12
   734 | D        | Found the +10 morningstar "Eos" {elec, Halo rElec}
   850 | D        | Noticed an efreet
   863 | D        | Killed an efreet
   863 | D        | Reached skill level 10 in Axes
  1104 | D        | Noticed an efreet
  1104 | D        | Noticed a deep elf mage
  1104 | D        | Noticed a blink frog
  1104 | D        | Noticed a blink frog
  1104 | D        | Noticed a blink frog
  1105 | D        | Killed a blink frog
  1105 | D        | Killed a blink frog
  1106 | D        | Killed an efreet
  1106 | D        | Reached XP level 9. HP: 89/89 MP: 8/14
  1110 | D        | Killed a deep elf mage
  1116 | D        | Noticed a merfolk
  1124 | D        | Killed a merfolk
  1129 | D        | Reached skill level 10 in Invocations
  1130 | D        | Noticed an orc high priest
  1134 | D        | Noticed a sun demon
  1141 | D        | Killed an orc high priest
  1145 | D        | Reached XP level 10. HP: 82/100 MP: 9/16
  1162 | D        | Noticed a molten gargoyle
  1166 | D        | Killed a molten gargoyle
  1203 | D        | Noticed a flayed ghost
  1203 | D        | Noticed Psyche
  1205 | D        | Killed Psyche
  1208 | D        | Killed a flayed ghost
  1400 | D        | Noticed a skeletal warrior
  1400 | D        | Noticed a flayed ghost
  1400 | D        | Noticed a molten gargoyle
  1402 | D        | Killed a molten gargoyle
  1404 | D        | Killed a flayed ghost
  1405 | D        | Noticed a skeletal warrior
  1406 | D        | Noticed a skeletal warrior
  1412 | D        | Killed a skeletal warrior
  1412 | D        | Reached XP level 11. HP: 62/111 MP: 4/19
  1414 | D        | Killed a skeletal warrior
  1414 | D        | Noticed a skeletal warrior
  1415 | D        | Noticed a skeletal warrior
  1425 | D        | Killed a skeletal warrior
  1426 | D        | Killed a skeletal warrior
  1434 | D        | Killed a skeletal warrior
  1434 | D        | Reached skill level 15 in Fighting
  1434 | D        | Reached skill level 15 in Armour
  1434 | D        | Reached skill level 15 in Shields
  1686 | D        | Noticed a deep troll
  1693 | D        | Reached skill level 15 in Axes
  1714 | D        | Killed a deep troll
  1758 | D        | Got the Volume of the Destructive Traveller
  1937 | D        | Noticed a deep elf mage
  1951 | D        | Killed a deep elf mage
  2012 | D        | Noticed a minotaur
  2012 | D        | Noticed a two-headed ogre
  2015 | D        | Killed a two-headed ogre
  2019 | D        | Killed a minotaur
  2019 | D        | Reached XP level 12. HP: 107/122 MP: 19/21
  2037 | D        | Noticed a death knight
  2047 | D        | Killed a death knight
  2062 | D        | Noticed a death knight
  2067 | D        | Killed a death knight
  2209 | D        | Noticed a vampire mage
  2209 | D        | Noticed Agnes
  2217 | D        | Killed Agnes
  2236 | D        | Killed a vampire mage
  2671 | D        | Noticed an orc warlord
  2671 | D        | Noticed an orc warlord
  2671 | D        | Noticed a deep elf blademaster
  2671 | D        | Noticed a vault guard
  2672 | D        | Noticed a spark wasp
  2674 | D        | Killed a spark wasp
  2675 | D        | Killed a deep elf blademaster
  2676 | D        | Reached skill level 15 in Invocations
  2685 | D        | Reached XP level 13. HP: 53/134 MP: 23/23
  2685 | D        | Killed an orc warlord
  2686 | D        | Killed an orc warlord
  3095 | D        | Noticed an angel
  3104 | D        | Killed an angel
  3127 | D        | Noticed a deep elf demonologist
  3133 | D        | Killed a deep elf demonologist
  3294 | D        | Found the +6 shillelagh "Devastator" {shatter}
  3508 | D        | Reached skill level 1 in Dodging
  3523 | D        | Noticed a black draconian
  3532 | D        | Killed a black draconian
  3532 | D        | Reached skill level 1 in Throwing
  3541 | D        | Reached skill level 5 in Dodging
  3541 | D        | Gained mutation: Your body sometimes deteriorates upon
                  | taking damage. [a neqoxec]
  3562 | D        | Identified the cursed +1 plate armour of Servitude {Harm
                  | MR+}
  3595 | D        | Noticed an orc warlord
  3602 | D        | Killed an orc warlord
  3602 | D        | Reached skill level 5 in Throwing
  3705 | D        | Noticed a bone dragon
  3705 | D        | Noticed a deep elf master archer
  3705 | D        | Noticed a shadow dragon
  3709 | D        | Reached XP level 14. HP: 126/144 MP: 9/25
  3725 | D        | Killed a shadow dragon
  3729 | D        | Killed a bone dragon
  3737 | D        | Killed a deep elf master archer
  3737 | D        | Reached skill level 10 in Dodging
  4229 | D        | Noticed a fire giant
  4239 | D        | Killed a fire giant
  4692 | D        | Noticed a Brimstone Fiend
  4697 | D        | Reached skill level 10 in Throwing
  5140 | D        | Noticed a deep elf sorcerer
  5143 | D        | Killed a deep elf sorcerer
  5145 | D        | Noticed a lich
  5147 | D        | Noticed a nagaraja
  5154 | D        | Noticed a nagaraja
  5155 | D        | Killed a lich
  5156 | D        | Killed a nagaraja
  5166 | D        | Killed a nagaraja
  5291 | D        | Got the amulet "Xocsen" {Reflect rPois rN+ Dex+5 SH+5
                  | Stlth-}
  5293 | D        | Got the ring of Docoz {rF- rN+ MP+9 Str+2 Stlth-}
  5296 | D        | Got the amulet "Routeon" {Spirit Str+3 SInv}
  5298 | D        | Got the amulet of Teargh {rN+++ Regen+ Slay-6}
  5300 | D        | Got the amulet "Lanyetis" {RegenMP +Blink rElec MR-}
  5302 | D        | Got the ring of Lybud {Fire Int+4}
  5305 | D        | Got the ring "Vyuchit" {*Contam +Blink rC+++ MR+ SInv}
  5307 | D        | Got the amulet of Xadeph {+Inv rElec Regen+ Str+2}
  5309 | D        | Got the amulet of the Original Sin {Spirit +Blink rF+ Str+3
                  | Stlth+}
  5311 | D        | Got the ring of Paurushru {Wiz MR+}
  5314 | D        | Got the amulet "Acaatym" {*Slow Fragile rPois rC+++ Regen+}
  5316 | D        | Got the amulet of Wolushoss {Reflect rElec rC+ Str+4 Int+3
                  | SH+5}
  5318 | D        | Got the ring "Usual" {rF++ Slay+5 Stlth+}
  5320 | D        | Got the amulet "Igounnia" {RegenMP +Blink}
  5327 | D        | Noticed a spriggan defender
  5327 | D        | Noticed a black draconian knight
  5328 | D        | Noticed a purple draconian annihilator
  5328 | D        | Noticed a nagaraja
  5331 | D        | Killed a spriggan defender
  5333 | D        | Killed a purple draconian annihilator
  5341 | D        | Killed a black draconian knight
  5345 | D        | Killed a nagaraja
  5345 | D        | Reached XP level 15. HP: 102/151 MP: 7/26
  5346 | D        | Noticed a nagaraja
  5357 | D        | Killed a nagaraja
  5368 | D        | Got the ring "Lacaycaj" {MR+ Str-4 Dex+3 Stlth+}
  5370 | D        | Got the ring "Hicaur" {Wiz rF+ rN+}
  5372 | D        | Got the ring "Haoklid" {*Contam rF+ MR++ EV+6}
  5374 | D        | Got the ring "Zuofaniyb" {rF+ rC+ Dex-3 Slay+5 Stlth+}
  5376 | D        | Got the ring "Hissung" {+Inv rC+++ MR+}
  5388 | D        | Noticed a lich
  5391 | D        | Killed a lich
  5415 | D        | Got the Reference Book on Cloudy Enhancements
  5416 | D        | Noticed an azure jelly
  5430 | D        | Killed an azure jelly
  5454 | D        | Got the Almanac of Evil Talismans
  5461 | D        | Got Sif Muna's Volume of the Entourage
  5463 | D        | Got Sif Muna's Handbook of Ice and the Rocks
  5494 | D        | Got the ring "Riotwud" {rF+ rC+ Str+2 Int+3 Slay-2}
  5496 | D        | Got the ring of Midsummer {rC+ Int-3 Dex+5}
  5498 | D        | Got the ring of Jeillit {rPois MR+ Str+5}
  5500 | D        | Got the ring of Neurosis {rPois rN+ Slay+5}
  5502 | D        | Got the ring of Lesmah {rElec rPois rC+}
  5515 | D        | Got the ring of Jaorch {+Blink rN+ Int+6 Dex-4}
  5517 | D        | Got the ring "Zaor" {Str+4 Int+6}
  5527 | D        | Got the ring of Kuleot {+Fly Int+2 Dex+6}
  5529 | D        | Got the ring of Yzeipn {rElec rPois rF- Int+6}
  5708 | D        | Upgraded the game from 0.25-b1-37-g2669288c55 to
                  | 0.25.1-2-g60ff931df9
  5901 | D        | Reached skill level 15 in Dodging
  6138 | D        | Noticed a sphinx
  6138 | D        | Noticed the 27-headed Lernaean hydra
  6138 | D        | Noticed a Killer Klown
  6143 | D        | Killed a sphinx
  6143 | D        | Reached skill level 15 in Throwing
  6146 | D        | Killed a Killer Klown
  6146 | D        | Killed the 26-headed Lernaean hydra
  6373 | D        | Noticed Polyphemus
  6377 | D        | Noticed a shadow dragon
  6392 | D        | Killed a shadow dragon
  6394 | D        | Noticed a deep elf sorcerer
  6396 | D        | Reached XP level 16. HP: 134/159 MP: 27/27
  6398 | D        | Noticed a storm dragon
  6412 | D        | Killed a storm dragon
  6418 | D        | Killed Polyphemus
  6506 | D        | Noticed Frederick
  6510 | D        | Killed Frederick
  6510 | D        | Reached skill level 27 in Shields
  7007 | D        | Found the +27 Lear's hauberk
  7090 | D        | Noticed a lich
  7092 | D        | Noticed a lich
  7092 | D        | Identified the +8 shortbow "Koap" {speed, rPois Str+2
                  | Int+2}
  7092 | D        | Noticed a bone dragon
  7113 | D        | Killed a lich
  7113 | D        | Killed a lich
  7118 | D        | Reached skill level 27 in Armour
  7119 | D        | Paralysed by a vampire knight for 2 turns
  7134 | D        | Killed a bone dragon
  7293 | D        | Noticed a lich
  7297 | D        | Killed a lich
  7356 | D        | Reached XP level 17. HP: 166/166 MP: 11/28
  7892 | D        | Got the ring "Teten" {rElec rPois rC+ Slay+3}
  7916 | D        | Got a silver rune of Zot
  8022 | D        | Noticed Mennas
  8047 | D        | Killed Mennas
  8078 | D        | Noticed a deep elf blademaster
  8082 | D        | Killed a deep elf blademaster
  8096 | D        | Noticed an electric golem
  8112 | D        | Killed an electric golem
  8955 | D        | Noticed a golden dragon
  8955 | D        | Noticed an acid blob
  8961 | D        | Killed a golden dragon
  8962 | D        | Killed an acid blob
  8970 | D        | Noticed an ancient lich
  8977 | D        | Killed an ancient lich
  8977 | D        | Reached skill level 27 in Dodging
  9169 | D        | Noticed a bone dragon
  9179 | D        | Killed a bone dragon
  9462 | D        | Noticed a deep elf master archer
  9465 | D        | Killed a deep elf master archer
  9467 | D        | Reached skill level 27 in Throwing
  9483 | D        | Noticed Caosutote the pandemonium lord
  9486 | D        | Noticed a Tzitzimitl
  9492 | D        | Killed Caosutote the pandemonium lord
  9492 | D        | Reached XP level 18. HP: 39/182 MP: 5/29
 10193 | D        | Noticed Margery
 10209 | D        | Killed Margery
 11056 | D        | Got the +9 broad axe "Kabat" {freeze, rElec Int+3}
 11106 | D        | Got the ring "Zuove" {rF+ rN++ rCorr Dex-3}
 11108 | D        | Got the ring of Conformity {rPois MR+ Str-3 Int+9 SInv}
 11110 | D        | Got the ring "Qoadibic" {+Inv rElec rPois rCorr Dex+2}
 11112 | D        | Got the amulet of the Crushed Ships {rPois Regen+}
 11114 | D        | Got the amulet of the Seven Jumping Orbs {Faith rF++
                  | Slay-6}
 11116 | D        | Got the amulet of Ziedwam {rF- Regen+ Dex+5}
 11118 | D        | Got the ring of Suco {rF+ Str+3 Stlth+}
 11121 | D        | Got the ring "Saashus" {+Fly Int+2 Dex+5}
 11200 | D        | Noticed a pearl dragon
 11203 | D        | Killed a pearl dragon
 11226 | D        | Noticed a tentacled monstrosity
 11229 | D        | Killed a tentacled monstrosity
 11232 | D        | Noticed a Hell Sentinel
 11238 | D        | Killed a Hell Sentinel
 11435 | D        | Noticed a greater mummy
 11435 | D        | Noticed Murray
 11464 | D        | Killed Murray
 11484 | D        | Killed a greater mummy
 12123 | D        | Noticed a greater mummy
 12133 | D        | Killed a greater mummy
 12578 | D        | Reached skill level 27 in Fighting
 12578 | D        | Reached skill level 27 in Axes
 12824 | D        | Noticed a curse toe
 12829 | D        | Killed a curse toe
 12998 | D        | Noticed an ancient lich
 13003 | D        | Killed an ancient lich
 13011 | D        | Noticed an orb of fire
 13017 | D        | Killed an orb of fire
 13223 | D        | Noticed an Ice Fiend
 13227 | D        | Killed an Ice Fiend
 13227 | D        | Reached XP level 19. HP: 68/207 MP: 31/33
 13774 | D        | Noticed an orb of fire
 13777 | D        | Gained mutation: You tend to lose your temper in combat.
                  | [an orb of fire]
 13778 | D        | Gained mutation: You do not regenerate when monsters are
                  | visible. [an orb of fire]
 13782 | D        | Killed an orb of fire
 13784 | D        | Noticed a golden dragon
 13787 | D        | Killed a golden dragon
 13791 | D        | Noticed Relich the pandemonium lord
 13806 | D        | Killed Relich the pandemonium lord
 14279 | D        | Noticed a greater mummy
 14283 | D        | Noticed Heur the pandemonium lord
 14296 | D        | Killed Heur the pandemonium lord
 14296 | D        | Reached skill level 27 in Invocations
 14300 | D        | Killed a greater mummy
 15146 | D        | Noticed a Killer Klown
 15146 | D        | Noticed a Brimstone Fiend
 15148 | D        | Killed a Brimstone Fiend
 15148 | D        | Noticed a pearl dragon
 15152 | D        | Killed a pearl dragon
 15158 | D        | Killed a Killer Klown
 15164 | D        | Noticed an ancient lich
 15164 | D        | Noticed an electric golem
 15170 | D        | Killed an ancient lich
 15170 | D        | Killed an electric golem
 15390 | D        | Got the amulet "Cocwiev" {Spirit MP-9 Int+3 Dex+3 SInv}
 15393 | D        | Got the ring of Scepticism {Int+4 Stlth+}
 15400 | D        | Got the ring "Edatic" {rPois Str+3}
 15403 | D        | Got an iron rune of Zot
 15418 | D        | Got the ring of Yceagoib {rPois rN+ MR+ Int+6}
 15421 | D        | Got the +9 broad axe of Awoapil {freeze, rC+ Str+3 SInv}
 15424 | D        | Got the ring "Guiddo" {MP+9 Str+6}
 15429 | D        | Got the amulet "Niqiem Koi" {RegenMP Str+2}
 15673 | D        | Noticed an electric golem
 15677 | D        | Killed an electric golem
 15677 | D        | Reached XP level 20. HP: 216/216 MP: 36/36
 15754 | D        | Noticed a greater mummy
 15758 | D        | Killed a greater mummy
 15758 | D        | Reached skill level 27 in Unarmed Combat
 16097 | D        | Noticed Wuciocas the pandemonium lord
 16111 | D        | Killed Wuciocas the pandemonium lord
 16397 | D        | Reached skill level 15 in Evocations
 16408 | D        | Noticed a pearl dragon
 16414 | D        | Killed a pearl dragon
 16419 | D        | Noticed a Killer Klown
 16425 | D        | Killed a Killer Klown
 16430 | D        | Noticed an orb of fire
 16441 | D        | Killed an orb of fire
 16565 | D        | Found the +0 staff of Battle
 16565 | D        | Found the +10 tower shield of Ignorance {rN+ Int-4}
 16565 | D        | Found the +8 orange crystal plate armour {Archmagi, Int+3
                  | Clar}
 16570 | D        | Reached XP level 21. HP: 63/224 MP: 12/37
 16570 | D        | Reached skill level 27 in Evocations
 16570 | D        | Reached skill level 5 in Spellcasting
 16570 | D        | Reached skill level 10 in Spellcasting
 16574 | D        | Reached skill level 15 in Spellcasting
 16615 | D        | Got a golden rune of Zot
 16668 | D        | Got the ring of Plog {+Fly rF- AC+4 Int+3}
 17338 | D        | Noticed Jory
 17341 | D        | Noticed Mejarit the pandemonium lord
 17345 | D        | Killed Jory
 17368 | D        | Killed Mejarit the pandemonium lord
 17421 | D        | Noticed Mara
 17426 | D        | Killed Mara
 17426 | D        | Reached XP level 22. HP: 223/233 MP: 46/48
 17469 | D        | Noticed Xtahua
 17469 | D        | Noticed an orb of fire
 17474 | D        | Noticed Mnoleg
 17478 | D        | Noticed a greater mummy
 17479 | D        | Killed an orb of fire
 17483 | D        | Paralysed by Xtahua for 7 turns
 17485 | D        | Noticed Ineemmus the pandemonium lord
 17490 | D        | Killed from afar by Xtahua

Illustrated notes

Levels and vault maps discovered:
D:        pitsprint [storerooms_1, entrance_room_1, metal_vault_5, armoury_1,
          mini_pit_1, grid_room_1, main_hall_1, silver_pit, the_coven_1,
          the_vestibule_1, steel_vault_1, golden_pit, hallway_of_sentries,
          crystal_vault_4, iron_vault_5, final_vault]

Skill      XL: |  1  2  3  4  5  6  7  8  9 10 11 12 13 14 15 16 17 18 19 20 21 22 |
---------------+-------------------------------------------------------------------+-----
Fighting       | 4 6 8 9 10 11 12 14 16 17 18 21 27 | 27.0
Axes           | 3 4 5 7 9 11 12 14 15 17 18 21 27 | 27.0
Armour         | 4 6 8 9 10 11 12 14 16 17 20 22 25 27 | 27.0
Shields        | 4 6 8 9 10 11 12 14 16 17 20 22 26 27 | 27.0
Invocations    | 1 2 3 4 5 7 9 10 12 13 15 16 22 27 | 27.0
Dodging        | 8 14 18 23 27 | 27.0
Throwing       | 6 12 16 21 27 | 27.0
Unarmed Combat | 25 27 | 27.0
Evocations     | 26 27 | 27.0
Spellcasting   | 23 24 | 24.9

Action                   |  1- 3 |  4- 6 |  7- 9 | 10-12 | 13-15 | 16-18 | 19-21 | 22-24 || total
-------------------------+-------+-------+-------+-------+-------+-------+-------+-------++-------
Melee: War axe           |    29 |    16 |    43 |   137 |    25 |       |       |       ||   250
       Headbutt          |     5 |     5 |    21 |    52 |    75 |   120 |    90 |     4 ||   372
       Broad axe         |       |       |       |       |   185 |   294 |   208 |    16 ||   703
Throw: Javelin           |       |       |       |       |    27 |       |    12 |     3 ||    42
       Stone             |       |       |       |       |    14 |       |       |       ||    14
Invok: Slouch            |       |     1 |     2 |    18 |    42 |    49 |    28 |     2 ||   142
  Use: Potion            |     2 |       |       |     8 |     2 |    11 |     2 |     1 ||    26
       Scroll            |       |       |       |       |       |     2 |       |       ||     2
 Stab: Invisible         |     1 |       |       |       |       |       |       |       ||     1
       Distracted        |       |       |       |       |       |       |     1 |       ||     1
  Eat: Chunk             |       |       |       |     2 |     1 |       |       |       ||     3
       Ration            |       |       |       |     1 |     3 |     5 |     2 |     3 ||    14
Armor: Scale mail        |     8 |       |       |       |       |       |       |       ||     8
       Plate armour      |     3 |       |    13 |    59 |    11 |       |       |       ||    86
       Gold dragon scale |       |       |       |       |    96 |    69 |    43 |    32 ||   240
Dodge: Dodged            |     9 |     5 |     5 |    30 |   115 |   157 |    72 |     9 ||   402
Block: Kite shield       |    18 |    10 |    21 |   109 |    26 |       |       |       ||   184
       Tower shield      |       |       |       |       |   338 |   422 |   243 |    28 ||  1031
       Reflection        |       |       |       |       |     2 |    19 |    22 |     2 ||    45
